 Seeded DCSS version 0.28-a0-1555-g9ae15a6949 (webtiles) character file.

Game seed: 11087003400880552656 (custom seed)

1012 knot the Cleaver (level 8, -4/87 HPs)
             Began as a Demonspawn Berserker on Jan 18, 2022.
             Was a Believer of Trog.
             Slain by an ogre (19 damage)
             ... on level 5 of the Dungeon.
             The game lasted 00:03:53 (5908 turns).

knot the Cleaver (Demonspawn Berserker)             Turns: 5908, Time: 00:03:53

Health: -4/87      AC:  8    Str: 18    XL:     8   Next: 1%
Magic:  8/8        EV: 11    Int: 10    God:    Trog [**....]
Gold:   214        SH:  0    Dex: 13    Spells: 7/7 levels left

rFire   . . .      SeeInvis .   d - +0 war axe
rCold   . . .      Faith    .   (no shield)
rNeg    . . .      Spirit   .   u - +1 ring mail of Lust {rPois Regen+}
rPois   +          Reflect  .   (no helmet)
rElec   .          Harm     .   (no cloak)
rCorr   .          Rampage  .   (no gloves)
Will    .....                   l - +1 pair of boots
Stlth   ..........              (no amulet)
HPRegen 1.04/turn               (no ring)
MPRegen 0.11/turn               (no ring)

@: berserking, very quick
A: sturdy frame 1, weakness stinger 2
a: Renounce Religion, Berserk, Trog's Hand


You were on level 5 of the Dungeon.
You worshipped Trog.
Trog was pleased with you.
You visited 1 branch of the dungeon, and saw 5 of its levels.

You collected 214 gold pieces.

Inventory:

Hand Weapons
 a - a +1 hand axe
 d - a +0 war axe (weapon)
Missiles
 h - 197 stones (quivered)
 i - 59 sling bullets
 r - 4 boomerangs
Armour
 l - a +1 pair of boots (worn)
 u - the +1 ring mail of Lust (worn) {rPois Regen+}
   (You found it on level 5 of the Dungeon)

   rPois:     It protects you from poison.
   Regen:     It increases your rate of health regeneration.
Jewellery
 k - an amulet of magic regeneration
 m - a ring of positive energy
 t - a ring of resist corrosion
Wands
 f - a wand of acid (5)
 j - a wand of polymorph (11)
 s - a wand of iceblast (10)
 v - a wand of digging (5)
Scrolls
 b - a scroll of identify
 c - a scroll of immolation {unknown}
 g - a scroll of teleportation
 n - a scroll of amnesia
 o - a scroll of brand weapon
Potions
 e - 2 potions of curing
 p - a potion of degeneration
 q - a potion of magic


   Skills:
 - Level 3.0 Fighting
 + Level 9.0 Axes
 - Level 1.7 Armour
 - Level 1.7 Dodging


You had 7 spell levels left.
You didn't know any spells.
Your spell library contained the following spells:

 Spells                   Type           Power      Damage    Failure   Level
 Tukima's Dance           Hex            0%         N/A       83%         3
 Passage of Golubria      Tloc           0%         N/A       99%         4
 Yara's Violent Unravell  Hex/Tmut       0%         3d3       100%        5


Dungeon Overview and Level Annotations

Branches:
Dungeon (5/15)
 Temple: D:4-7

Altars:
Hepliaklqana
Nemelex Xobeh
Uskayaw
The Shining One

Shops:
D:3 [


Innate Abilities, Weirdness & Mutations

Your movements are slightly less encumbered by armour. (ER -2)
You have a tail ending in a sharp stinger.


Message History

You slash the scorpion!
You kill the scorpion!
Trog accepts your kill.
You miss the adder. The adder bites you but does no damage.
You feel your intelligence returning.
Your Axes skill increases to level 9!
You have reached level 8!
You feel agile.
You hit the adder.
The adder is heavily wounded.
The adder bites you but does no damage.
You closely miss the adder. You tail-slap the adder.
You kill the adder!
Trog accepts your kill.
No target in view!
No target in view!
HP restored.
You see here an adder corpse.
Found a stone staircase leading up.
No target in view!
An ogre comes into view. It is wielding a +0 giant club.
The ogre shouts!
Found a scale mail.
You hit the ogre but do no damage. The ogre hits you with a +0 giant club!
You slash the ogre!
The ogre is moderately wounded.
You hit the ogre.
The ogre is heavily wounded.
The ogre hits you with a +0 giant club!!
You are too injured to fight recklessly!
You are too injured to fight recklessly!
You are too injured to fight recklessly!
A red film seems to cover your vision as you go berserk!
You feel yourself moving faster!
You feel mighty!
The ogre hits you with a +0 giant club!!
* * * LOW HITPOINT WARNING * * *
You barely miss the ogre.
The ogre is heavily wounded.
The ogre hits you with a +0 giant club!!
You die...

#......##
#..#....._......
#.......#
#..#.#.......#.#
##..##..#
#..#.#.......#.#
#.. #..#
#..#.##.....##.#
#.. #..##
#..#.####.####.#
#. ##..#
..#...........#
#..##
#.....###.......
#...####.......
......
#......@O.....[
......
#.............#
#.....
................##
##....
...............###
##...
#.............##
##..
###....####<.##
#.. ###### ####
##. ## #


You could see an ogre.

Vanquished Creatures
  Grinder (D:5)
  Sigmund (D:3)
  A centaur (D:4)
  An ogre (D:5)
  A scorpion (D:5)
  A water moccasin skeleton (D:4)
  A jelly (D:5)
  A centaur skeleton (D:5)
  Natasha (thrice) (D:2)
  An orc wizard (D:4)
  An iguana (D:5)
  A hound zombie (D:5)
  2 hound skeletons (D:4)
  3 gnolls (D:4)
  5 adders
  An adder skeleton (D:4)
  A worm (D:2)
  3 dart slugs
  12 orcs
  8 ball pythons
  5 bats
  3 endoplasms
  2 giant cockroaches
  5 goblins
  4 hobgoblins
  2 kobolds
  2 quokkas
  5 frilled lizards
  4 rats
81 creatures vanquished.

Notes
Turn   | Place    | Note
-------+----------+-------------------------------------------
     0 | D:1      | knot the Demonspawn Berserker began the quest for the Orb.
     0 | D:1      | Reached XP level 1. HP: 18/18 MP: 1/1
    90 | D:1      | Reached skill level 3 in Axes
   192 | D:1      | Gained mutation: Your movements are slightly less
                  | encumbered by armour. (ER -2) [demonic ancestry]
   192 | D:1      | Reached XP level 2. HP: 23/24 MP: 2/2
   751 | D:1      | Found a faded altar of an unknown god.
  1168 | D:2      | Noticed Natasha
  1178 | D:2      | Killed Natasha
  1179 | D:2      | Reached skill level 4 in Axes
  1179 | D:2      | Gained mutation: You have a small tail. [demonic ancestry]
  1179 | D:2      | Reached XP level 3. HP: 14/29 MP: 3/3
  1854 | D:2      | Reached XP level 4. HP: 35/35 MP: 4/4
  1871 | D:2      | Reached ** piety under Trog
  2078 | D:2      | Noticed Natasha
  2087 | D:2      | Killed Natasha
  2316 | D:2      | Noticed Natasha
  2330 | D:2      | Killed Natasha
  2331 | D:2      | Reached skill level 5 in Axes
  2672 | D:3      | Reached XP level 5. HP: 38/41 MP: 5/5
  2773 | D:3      | Noticed Sigmund
  2783 | D:3      | Killed Sigmund
  2784 | D:3      | Reached skill level 6 in Axes
  2784 | D:3      | Gained mutation: You have a tail ending in a sharp stinger.
                  | [demonic ancestry]
  2784 | D:3      | Reached XP level 6. HP: 47/47 MP: 6/6
  3107 | D:3      | Found Hasch's Armour Boutique.
  3979 | D:4      | Reached skill level 7 in Axes
  4403 | D:4      | Found a sparkling altar of Nemelex Xobeh.
  4403 | D:4      | Found a hazy altar of Hepliaklqana.
  4824 | D:4      | Reached XP level 7. HP: 34/52 MP: 7/7
  5071 | D:5      | Entered Level 5 of the Dungeon
  5443 | D:5      | Noticed Grinder
  5457 | D:5      | Killed Grinder
  5458 | D:5      | Reached skill level 8 in Axes
  5766 | D:5      | Identified the +1 ring mail of Lust {rPois Regen+}
  5830 | D:5      | Found a hide-covered altar of Uskayaw.
  5882 | D:5      | Reached skill level 9 in Axes
  5882 | D:5      | Reached XP level 8. HP: 54/58 MP: 8/8
  5908 | D:5      | Slain by an ogre

Illustrated notes

Levels and vault maps discovered:
D:1:      wheals_arrival_linesprint, layout_basic,
          dreamdust_ecumenical_altar_statues
D:2:      layout_loops_cross, kennysheep_boxes, uniq_natasha
D:3:      layout_loops_ring, serial_shops, nicolae_shop_behind_doors,
          uniq_sigmund
D:4:      layout_cave_pods, minitemple, serial_bayou_lagoon_a
D:5:      layout_layer_cave, old_standard_altar, mainiacjoe_overflow_paths,
          hangedman_abyss_or_decor_stabs, uniq_grinder

Skill      XL: |  1  2  3  4  5  6  7 |
---------------+----------------------+-----
Axes           | 3 4 5 6 7 9 |  9.0
Fighting       | |  3.0
Armour         | |  1.7
Dodging        | |  1.7

Action                   |  1- 3 |  4- 6 |  7- 9 || total
-------------------------+-------+-------+-------++-------
Melee: Hand axe          |    68 |    70 |       ||   138
       Tailslap          |     5 |    14 |     8 ||    27
       War axe           |       |    73 |    41 ||   114
       Punch             |       |     1 |     1 ||     2
Invok: Berserk           |     1 |     8 |     3 ||    12
       Trog's Hand       |       |       |     1 ||     1
  Use: Scroll            |       |     8 |       ||     8
       Potion            |       |     4 |       ||     4
 Stab: Sleeping          |       |     1 |       ||     1
Armor: Animal skin       |    14 |    49 |     3 ||    66
       Ring mail         |       |       |     9 ||     9
Dodge: Dodged            |    30 |    99 |    15 ||   144

Table legend: (Time is in decaauts)
 A = Elapsed time spent in this place.
 B = Non-inter-level travel time spent in this place.
 C = Inter-level travel time spent in this place.
 D = Time resting spent in this place.
 E = Time spent auto-exploring this place.
 F = Levels seen in this place.
 G = Mean time per level.
                   A        B        C        D        E       F      G
               +--------+--------+--------+--------+--------+-----+--------+
         Total |   6073 |   5858 |    215 |   1877 |   3328 |   5 | 1214.6 |
       Dungeon |   6073 |   5858 |    215 |   1877 |   3328 |   5 | 1214.6 |
               +--------+--------+--------+--------+--------+-----+--------+

Top non-repeatable levels by time:
     D:4: 1845 daAuts
     D:2: 1544 daAuts
     D:1: 1098 daAuts
     D:5: 857 daAuts
     D:3: 726 daAuts
